Map: Deathaura LE

Players

ReSpOnSe

  • Race: Protoss Protoss
  • League: Grandmaster
  • Spawn Location: 11:00

Cham - Winner!

  • Race: Zerg Zerg
  • League: Grandmaster
  • Spawn Location: 5:00

VOD

Have the link to the VOD?

Description

8 min attack
29 hydra + 3 infestor (71 drones + 4 bases + 5 queens + 7 gases)
Fight economic and defensive Protoss

Time

  • Played on: July 4, 2020, 8:34 a.m.
  • Length: 8:37
Show
View Real Time Build Order
Export as new Build Order

ReSpOnSe Protoss 

Build Orders:  

Get SALT Encoding   

  12  0:00  Probe  
  13  0:12  Probe  
  14  0:19  Pylon  
  14  0:24  Probe  
  15  0:34  Probe  
  15  0:42  Probe  
  17  0:52  Probe  
  19  1:04  Probe  
  19  1:09  Nexus  
  19  1:14  Probe  
  20  1:19  Gateway  
  20  1:22  Probe  
  20  1:30  Assimilator  
  21  1:33  Probe  
  21  1:37  Assimilator  
  22  1:42  Pylon  
  22  1:45  Probe  
  23  2:00  Probe  
  24  2:10  Cybernetics Core, Zealot  
  24  2:12  Probe  
  27  2:18  Probe  
  27  2:20  Probe  
  28  2:28  Probe  
  29  2:30  Probe, Gateway  
  31  2:39  Probe  
  31  2:41  Probe  
  33  2:47  Sentry  
  33  2:49  Warp Gate  
  35  2:51  Probe  
  35  2:54  Stargate, Probe  
  36  3:02  Pylon  
  36  3:03  Probe  
  37  3:06  Probe  
  37  3:10  Shield Battery  
  37  3:12  Pylon  
  38  3:15  Probe  
  38  3:19  Stalker, Probe  
  41  3:23  Probe  
  42  3:27  Probe  
  42  3:31  Probe  
  44  3:36  Assimilator  
  44  3:37  Assimilator, Probe  
  46  3:43  Void Ray  
  46  3:45  Probe  
  51  3:49  Probe  
  52  3:57  Probe  
  52  4:01  Stargate  
  53  4:09  Probe x2  
  55  4:18  Pylon  
  55  4:21  Probe  
  56  4:32  Nexus  
  56  4:35  Probe x2  
  58  4:39  Phoenix x2, Shield Battery  
  60  4:52  Probe x2  
  64  4:53  Twilight Council  
  64  4:56  Forge  
  63  5:00  Pylon  
  63  5:04  Probe  
  63  5:05  Pylon  
  63  5:14  Probe  
  63  5:15  Phoenix x2  
  63  5:16  Probe  
  69  5:26  Probe  
  70  5:28  Probe  
  70  5:29  Pylon  
  70  5:30  Dark Shrine  
  70  5:35  Pylon  
  71  5:37  Protoss Ground Weapons Level 1, Charge  
  71  5:38  Probe  
  71  5:41  Phoenix x2, Probe  
  77  5:47  Probe  
  77  5:49  Probe  
  78  5:50  Assimilator, Probe  
  78  5:54  Assimilator, Protoss Air Weapons Level 1  
  78  5:55  Probe  
  81  6:08  Probe x2  
  81  6:10  Phoenix x2  
  87  6:18  Probe  
  88  6:20  Probe x2  
  90  6:25  Templar Archives  
  90  6:26  Nexus  
  90  6:30  Probe  
  90  6:32  Probe  
  92  6:36  Probe  
  92  6:37  Phoenix x2  
  97  6:42  Probe  
  97  6:43  Psionic Storm  
  97  6:45  Photon Cannon  
  97  6:47  Photon Cannon  
  98  6:48  Shield Battery  
  98  6:49  Pylon  
  98  6:57  Probe x3  
  98  7:00  Pylon  
  101  7:01  Pylon  
  101  7:07  High Templar x2  
  105  7:13  Photon Cannon  
  105  7:15  Photon Cannon  
  105  7:17  Shield Battery  
  103  7:28  Probe  
  103  7:29  Probe x2  
  100  7:32  Gateway  
  100  7:35  Gateway  
  100  7:37  Gateway  
  100  7:39  Gateway  
  100  7:42  Gateway  
  100  7:44  High Templar x2  
  104  7:47  Probe, Pylon  
  104  7:48  Probe x2  
  107  7:52  Shield Battery  
  107  7:56  Assimilator  
  107  7:59  Assimilator  
  107  8:01  Fleet Beacon  
  107  8:02  Pylon  
  107  8:05  Probe, Pylon  
  107  8:19  Zealot x2  
  95  8:32  Zealot x2  
  95  8:33  Zealot x2  
Show
View Real Time Build Order
Export as new Build Order

Cham Zerg - Winner!

Build Orders: Hatch First 

Get SALT Encoding   

  12  0:04  Drone  
  13  0:09  Drone  
  14  0:20  Overlord  
  14  0:38  Drone x2  
  16  0:52  Drone  
  16  0:54  Hatchery, Drone  
  17  1:03  Drone  
  18  1:09  Extractor  
  17  1:15  Spawning Pool  
  17  1:16  Drone  
  17  1:21  Drone  
  18  1:33  Drone  
  19  1:44  Drone  
  20  1:55  Drone  
  21  2:05  Queen  
  21  2:06  Zergling x2, Queen  
  21  2:07  Zergling x2  
  27  2:15  Metabolic Boost  
  27  2:16  Overlord  
  27  2:18  Drone  
  28  2:35  Drone x2  
  30  2:38  Hatchery, Drone  
  30  2:42  Drone  
  31  2:47  Queen  
  31  2:50  Drone  
  34  2:54  Overlord  
  34  2:59  Drone  
  34  3:04  Overlord  
  35  3:14  Zergling x4  
  35  3:16  Drone x5  
  35  3:18  Drone  
  43  3:25  Queen  
  45  3:34  Spore Crawler, Drone x2  
  44  3:35  Drone  
  44  3:38  Overlord  
  47  3:44  Drone  
  47  3:47  Drone x3  
  47  3:48  Drone  
  52  3:53  Drone  
  52  3:54  Drone x3  
  56  3:58  Queen  
  56  4:01  Spore Crawler  
  57  4:09  Drone  
  58  4:14  Lair  
  58  4:18  Drone  
  58  4:19  Drone x7  
  66  4:25  Overlord x2  
  66  4:26  Extractor  
  65  4:32  Overlord  
  65  4:38  Overlord  
  65  4:39  Overlord  
  65  4:44  Evolution Chamber, Drone x3  
  65  4:45  Drone  
  68  4:47  Extractor  
  68  4:49  Drone, Extractor x2  
  68  4:50  Drone, Extractor  
  68  4:51  Drone x2  
  68  4:55  Drone  
  68  4:58  Drone x6  
  75  5:04  Overlord  
  75  5:06  Hatchery  
  73  5:08  Overlord  
  72  5:15  Drone  
  72  5:16  Hydralisk Den  
  72  5:17  Zerg Missile Weapons Level 1  
  71  5:23  Overlord  
  71  5:25  Drone x7  
  78  5:31  Overlord  
  78  5:36  Infestation Pit  
  78  5:41  Drone  
  78  5:42  Drone x4  
  82  5:46  Hydralisk x2, Grooved Spines  
  86  5:50  Hydralisk x2  
  86  5:55  Overlord x2  
  90  5:57  Hydralisk  
  90  6:01  Drone x3  
  90  6:03  Drone x2  
  96  6:08  Drone x3  
  96  6:16  Hydralisk  
  98  6:20  Hydralisk x5  
  98  6:21  Extractor  
  98  6:23  Drone x3  
  110  6:30  Overlord  
  110  6:33  Infestor x3  
  110  6:38  Overlord  
  110  6:39  Spore Crawler, Hydralisk x2  
  119  6:43  Overlord  
  119  6:44  Hydralisk  
  121  6:47  Overlord x2  
  121  6:57  Muscular Augments, Hydralisk x5  
  121  7:00  Overlord  
  131  7:02  Hydralisk x2  
  131  7:06  Overlord  
  131  7:07  Hydralisk x2  
  139  7:14  Hydralisk x2  
  139  7:15  Hydralisk  
  142  7:16  Zergling x8  
  142  7:21  Drone x5  
  148  7:31  Hydralisk x3  
  154  7:39  Hydralisk x2  
  154  7:40  Hydralisk  
  154  7:43  Hydralisk x2  
  164  7:47  Zergling x8  
  164  7:48  Zergling x2  
  169  7:51  Hydralisk  
  169  7:55  Hydralisk x2  
  169  7:58  Hydralisk x2  
  177  8:04  Hydralisk x3  
  185  8:11  Hydralisk x2  
Tags
 
Add a new tag
Caveats
  • Supply blocks, unpowered buildings, or Contaminate may cause inaccurate times.
  • Supply counts are checked every 10 seconds.